[ AOE2 MATCH · #505136303 ]
UnrankedSpanish vs Burgundians
Player's team · LOSS
[ REPLAY ANALYSIS · EXTRACTED FROM THE RECORDED GAME ]
Feudal
9:15
Castle
21:10
Imperial
41:36
| APM avg | 66.8 |
| APM peak | 106 |
| eAPM avg | 30.6 |
| Villagers / military | 171 / 139 |
Focus
⚔️ 36.9% · 🌾 63.1%
Cavalry Archer ×48 · Skirmisher ×38 · Scout Cavalry ×14 · Archer ×13 · Mangonel ×8 · Militia ×5
Feudal
9:37
Castle
21:19
Imperial
38:15
| APM avg | 78.0 |
| APM peak | 115 |
| eAPM avg | 43.1 |
| Villagers / military | 166 / 281 |
Focus
⚔️ 47.5% · 🌾 52.5%
Knight ×154 · Skirmisher ×60 · Archer ×40 · Mangonel ×7 · Militia ×6 · Flemish Militia ×5
Match map
Initial resources + every placement click. Lines = walls · curves = elevation contours. ◆ gold · ⬟ stone · ● berries · ✦ relic · ◌ wall gap
Your base· Open — opponent sealed themselves in
GreatMaty's base· ✓ Closed at 21:19 · 66t walls · no gate
Smoothed initial terrain · ◌ = detected wall gap · hover for details
Inputs per minute
— Chimirindo - - GreatMaty
Build order — Chimirindo
First 150 of 464 actions detected
| 0:00 | Create | Villager (Male) |
| 0:00 | Create | Villager (Male) |
| 0:01 | Create | Villager (Male) |
| 0:02 | Build | House |
| 0:03 | Build | House |
| 0:23 | Create | Villager (Male) |
| 1:26 | Create | Villager (Male) |
| 1:57 | Build | Lumber Camp |
| 2:01 | Create | Villager (Male) |
| 2:18 | Create | Villager (Male) |
| 2:44 | Create | Villager (Male) |
| 3:09 | Create | Villager (Male) |
| 3:21 | Create | Villager (Male) |
| 3:49 | Build | House |
| 3:50 | Build | House |
| 3:58 | Create | Villager (Male) |
| 4:27 | Create | Villager (Male) |
| 4:54 | Create | Villager (Male) |
| 5:22 | Create | Villager (Male) |
| 5:37 | Build | Barracks |
| 5:37 | Create | Villager (Male) |
| 5:47 | Create | Villager (Male) |
| 6:03 | Build | Palisade Wall |
| 6:40 | Research | Loom |
| 6:59 | Build | Mining Camp |
| 7:01 | Research | Feudal Age |
| 7:07 | Create | Militia |
| 7:07 | Create | Militia |
| 7:14 | Create | Militia |
| 7:45 | Create | Militia |
| 8:22 | Create | Villager (Male) |
| 8:25 | Build | Mill |
| 8:52 | Build | House |
| 9:15 | Age | Feudal Age |
| 9:20 | Research | Man-at-Arms (upgrade) |
| 9:29 | Build | Archery Range |
| 9:39 | Create | Villager (Male) |
| 9:54 | Build | Farm |
| 9:55 | Build | Farm |
| 10:02 | Create | Villager (Male) |
| 10:05 | Create | Militia |
| 10:35 | Create | Villager (Male) |
| 10:36 | Create | Villager (Male) |
| 10:37 | Build | Farm |
| 10:50 | Create | Archer |
| 10:53 | Build | House |
| 10:58 | Build | Farm |
| 11:01 | Build | Farm |
| 11:22 | Create | Villager (Male) |
| 11:32 | Build | Farm |
| 11:33 | Create | Archer |
| 11:47 | Create | Villager (Male) |
| 11:49 | Create | Archer |
| 12:04 | Build | Farm |
| 12:13 | Create | Villager (Male) |
| 12:15 | Research | Double-Bit Axe |
| 12:27 | Build | House |
| 12:27 | Build | Palisade Wall |
| 12:33 | Create | Villager (Male) |
| 12:40 | Create | Archer |
| 12:44 | Create | Villager (Male) |
| 13:02 | Build | Blacksmith |
| 13:06 | Create | Villager (Male) |
| 13:20 | Create | Villager (Male) |
| 13:24 | Build | House |
| 13:29 | Create | Skirmisher |
| 13:57 | Build | Farm |
| 13:59 | Build | Farm |
| 14:12 | Create | Villager (Male) |
| 14:14 | Research | Fletching |
| 14:26 | Create | Skirmisher |
| 14:32 | Create | Villager (Male) |
| 14:37 | Build | Farm |
| 14:51 | Create | Villager (Male) |
| 15:11 | Create | Archer |
| 15:24 | Create | Skirmisher |
| 15:25 | Create | Villager (Male) |
| 15:40 | Create | Villager (Male) |
| 15:41 | Create | Skirmisher |
| 15:45 | Build | Farm |
| 15:49 | Build | Farm |
| 15:52 | Create | Villager (Male) |
| 16:09 | Create | Villager (Male) |
| 16:12 | Build | Farm |
| 16:17 | Build | House |
| 16:23 | Create | Skirmisher |
| 16:25 | Create | Villager (Male) |
| 16:30 | Build | Lumber Camp |
| 16:51 | Create | Skirmisher |
| 16:59 | Create | Skirmisher |
| 17:13 | Create | Villager (Male) |
| 17:21 | Build | Farm |
| 17:44 | Create | Villager (Male) |
| 18:09 | Create | Villager (Male) |
| 18:13 | Create | Villager (Male) |
| 18:20 | Create | Skirmisher |
| 18:24 | Research | Castle Age |
| 18:36 | Build | Stable |
| 18:37 | Create | Archer |
| 18:47 | Research | Padded Archer Armor |
| 19:00 | Research | Horse Collar |
| 19:06 | Build | Archery Range |
| 19:22 | Create | Archer |
| 19:33 | Create | Archer |
| 19:47 | Create | Scout Cavalry |
| 19:54 | Create | Archer |
| 19:54 | Create | Archer |
| 19:57 | Build | Farm |
| 19:58 | Build | Farm |
| 20:21 | Build | Farm |
| 20:28 | Create | Archer |
| 20:37 | Research | Gold Mining |
| 20:40 | Create | Villager (Male) |
| 20:54 | Create | Archer |
| 20:54 | Create | Archer |
| 21:08 | Build | House |
| 21:10 | Age | Castle Age |
| 21:15 | Create | Knight |
| 21:20 | Research | Bodkin Arrow |
| 21:21 | Research | Elite Skirmisher (upgrade) |
| 21:34 | Create | Skirmisher |
| 21:34 | Create | Skirmisher |
| 21:36 | Create | Knight |
| 21:40 | Create | Villager (Male) |
| 22:03 | Research | Scale Barding Armor |
| 22:05 | Create | Villager (Male) |
| 22:18 | Create | Skirmisher |
| 22:18 | Create | Skirmisher |
| 22:21 | Build | House |
| 22:25 | Build | Town Center |
| 22:33 | Create | Skirmisher |
| 22:33 | Create | Skirmisher |
| 22:37 | Build | House |
| 22:45 | Create | Villager (Male) |
| 23:12 | Create | Villager (Male) |
| 23:17 | Create | Skirmisher |
| 23:18 | Create | Skirmisher |
| 23:25 | Create | Villager (Male) |
| 23:25 | Create | Villager (Male) |
| 23:27 | Research | Bow Saw |
| 23:30 | Build | Farm |
| 23:47 | Build | Farm |
| 23:53 | Create | Villager (Male) |
| 23:53 | Create | Villager (Male) |
| 24:09 | Build | University |
| 24:10 | Build | House |
| 24:15 | Create | Skirmisher |
| 24:16 | Create | Skirmisher |
| 24:17 | Create | Villager (Male) |
| 24:17 | Create | Villager (Male) |
Build order — GreatMaty
First 150 of 603 actions detected
| 0:01 | Create | Villager (Male) |
| 0:01 | Create | Villager (Male) |
| 0:01 | Create | Villager (Male) |
| 0:02 | Build | House |
| 0:03 | Build | House |
| 0:10 | Create | Villager (Male) |
| 0:10 | Create | Villager (Male) |
| 1:20 | Create | Villager (Male) |
| 1:20 | Create | Villager (Male) |
| 2:01 | Create | Villager (Male) |
| 2:01 | Create | Villager (Male) |
| 2:16 | Create | Villager (Male) |
| 2:16 | Create | Villager (Male) |
| 2:33 | Build | Lumber Camp |
| 2:52 | Create | Villager (Male) |
| 2:52 | Create | Villager (Male) |
| 3:14 | Create | Villager (Male) |
| 3:14 | Create | Villager (Male) |
| 3:17 | Research | Double-Bit Axe |
| 3:18 | Research | Double-Bit Axe |
| 3:27 | Create | Villager (Male) |
| 3:27 | Create | Villager (Male) |
| 3:28 | Create | Villager (Male) |
| 3:51 | Create | Villager (Male) |
| 3:55 | Build | House |
| 4:17 | Create | Villager (Male) |
| 4:17 | Create | Villager (Male) |
| 4:25 | Build | House |
| 4:41 | Create | Villager (Male) |
| 4:41 | Create | Villager (Male) |
| 5:06 | Create | Villager (Male) |
| 5:32 | Create | Villager (Male) |
| 5:50 | Create | Villager (Male) |
| 5:52 | Build | Barracks |
| 6:19 | Create | Villager (Male) |
| 6:19 | Research | Loom |
| 6:58 | Build | Mining Camp |
| 7:27 | Research | Feudal Age |
| 7:27 | Research | Feudal Age |
| 7:51 | Create | Militia |
| 7:51 | Create | Militia |
| 8:06 | Build | House |
| 8:08 | Build | Palisade Wall |
| 8:08 | Build | Palisade Wall |
| 8:08 | Build | Palisade Wall |
| 8:10 | Create | Militia |
| 8:11 | Create | Militia |
| 8:35 | Create | Militia |
| 8:35 | Create | Militia |
| 9:05 | Build | Palisade Wall |
| 9:07 | Build | Palisade Wall |
| 9:14 | Create | Villager (Male) |
| 9:18 | Build | House |
| 9:20 | Build | House |
| 9:37 | Age | Feudal Age |
| 9:40 | Research | Man-at-Arms (upgrade) |
| 9:40 | Research | Man-at-Arms (upgrade) |
| 9:41 | Research | Bow Saw |
| 9:41 | Research | Bow Saw |
| 9:45 | Build | Archery Range |
| 9:57 | Create | Villager (Male) |
| 9:57 | Create | Villager (Male) |
| 10:28 | Create | Villager (Male) |
| 10:36 | Create | Archer |
| 10:37 | Create | Villager (Male) |
| 10:38 | Build | House |
| 10:39 | Build | Palisade Wall |
| 10:41 | Build | Palisade Wall |
| 10:47 | Create | Villager (Male) |
| 10:55 | Build | Mill |
| 11:20 | Build | Farm |
| 11:22 | Build | Farm |
| 11:31 | Create | Archer |
| 12:04 | Create | Villager (Male) |
| 12:05 | Create | Villager (Male) |
| 12:07 | Build | Farm |
| 12:07 | Build | Farm |
| 12:27 | Build | Farm |
| 12:29 | Build | Farm |
| 12:30 | Create | Villager (Male) |
| 12:42 | Create | Skirmisher |
| 12:46 | Build | Farm |
| 12:53 | Build | House |
| 12:54 | Build | Palisade Wall |
| 12:55 | Build | Palisade Wall |
| 12:59 | Create | Villager (Male) |
| 12:59 | Create | Villager (Male) |
| 13:07 | Create | Skirmisher |
| 13:08 | Create | Villager (Male) |
| 13:23 | Build | Farm |
| 13:24 | Research | Horse Collar |
| 13:24 | Research | Horse Collar |
| 13:27 | Build | Farm |
| 13:43 | Create | Villager (Male) |
| 13:45 | Create | Archer |
| 13:50 | Build | Farm |
| 14:03 | Create | Archer |
| 14:05 | Build | Farm |
| 14:06 | Create | Villager (Male) |
| 14:29 | Create | Villager (Male) |
| 14:33 | Build | House |
| 14:35 | Build | Palisade Wall |
| 14:59 | Create | Villager (Male) |
| 15:06 | Create | Villager (Male) |
| 15:07 | Create | Archer |
| 15:30 | Create | Villager (Male) |
| 15:41 | Create | Villager (Male) |
| 15:42 | Build | Blacksmith |
| 15:46 | Create | Skirmisher |
| 15:48 | Build | Farm |
| 15:51 | Build | Farm |
| 15:51 | Build | Farm |
| 15:54 | Create | Villager (Male) |
| 15:55 | Build | House |
| 16:04 | Create | Archer |
| 16:06 | Build | House |
| 16:07 | Build | Palisade Wall |
| 16:09 | Build | Palisade Wall |
| 16:13 | Create | Villager (Male) |
| 16:27 | Create | Flemish Militia |
| 16:32 | Build | Farm |
| 16:37 | Research | Fletching |
| 16:37 | Research | Fletching |
| 16:59 | Create | Villager (Male) |
| 17:00 | Create | Skirmisher |
| 17:11 | Create | Villager (Male) |
| 17:21 | Create | Villager (Male) |
| 17:21 | Create | Archer |
| 17:33 | Build | Market |
| 17:51 | Build | House |
| 18:22 | Create | Archer |
| 18:39 | Research | Castle Age |
| 18:39 | Research | Castle Age |
| 18:45 | Build | House |
| 18:50 | Create | Archer |
| 18:59 | Build | Palisade Wall |
| 19:09 | Build | Lumber Camp |
| 19:19 | Create | Archer |
| 19:28 | Build | Palisade Wall |
| 19:33 | Build | Palisade Wall |
| 19:43 | Create | Villager (Male) |
| 19:54 | Create | Archer |
| 20:00 | Build | Archery Range |
| 20:04 | Create | Flemish Militia |
| 20:05 | Create | Flemish Militia |
| 20:10 | Build | House |
| 20:15 | Create | Archer |
| 21:00 | Create | Archer |
| 21:02 | Research | Gold Mining |
| 21:06 | Build | House |
Match timeline
| 5:37 | Chimirindo · first_building Barracks |
| 5:52 | GreatMaty · first_building Barracks |
| 6:03 | Chimirindo · wall_segment Palisade Wall x1 |
| 8:08 | GreatMaty · wall_segment Palisade Wall x2 |
| 8:08 | GreatMaty · wall_segment Palisade Wall x2 |
| 8:08 | GreatMaty · wall_segment Palisade Wall x1 |
| 9:05 | GreatMaty · wall_segment Palisade Wall x1 |
| 9:07 | GreatMaty · wall_segment Palisade Wall x1 |
| 9:15 | Chimirindo · age_up feudal |
| 9:29 | Chimirindo · first_building Archery Range |
| 9:37 | GreatMaty · age_up feudal |
| 9:45 | GreatMaty · first_building Archery Range |
| 10:39 | GreatMaty · wall_segment Palisade Wall x7 |
| 10:41 | GreatMaty · wall_segment Palisade Wall x4 |
| 12:27 | Chimirindo · wall_segment Palisade Wall x1 |
| 12:54 | GreatMaty · wall_segment Palisade Wall x1 |
| 12:55 | GreatMaty · wall_segment Palisade Wall x5 |
| 14:35 | GreatMaty · wall_segment Palisade Wall x7 |
| 16:07 | GreatMaty · wall_segment Palisade Wall x6 |
| 16:09 | GreatMaty · wall_segment Palisade Wall x13 |
| 18:27 | GreatMaty · first_market_buy 100 food |
| 18:28 | GreatMaty · first_market_sell 500 wood |
| 18:36 | Chimirindo · first_building Stable |
| 18:59 | GreatMaty · wall_segment Palisade Wall x6 |
| 19:28 | GreatMaty · wall_segment Palisade Wall x6 |
| 19:33 | GreatMaty · wall_segment Palisade Wall x3 |
| 21:08 | GreatMaty · wall_segment Palisade Wall x6 |
| 21:10 | Chimirindo · age_up castle |
| 21:19 | GreatMaty · age_up castle |
| 23:31 | GreatMaty · wall_segment Palisade Wall x1 |
| 24:05 | GreatMaty · first_building Siege Workshop |
| 25:02 | GreatMaty · wall_segment Palisade Wall x12 |
| 25:11 | Chimirindo · first_building Siege Workshop |
| 25:12 | GreatMaty · first_building Monastery |
| 26:33 | Chimirindo · first_market_buy 100 wood |
| 31:03 | Chimirindo · first_market_sell 100 wood |
| 32:07 | GreatMaty · first_building Stable |
| 35:24 | GreatMaty · wall_segment Stone Wall x13 |
| 36:26 | Chimirindo · first_building Monastery |
| 38:15 | GreatMaty · age_up imperial |
| 39:27 | Chimirindo · first_building Castle |
| 40:37 | GreatMaty · first_building Castle |
| 41:36 | Chimirindo · age_up imperial |
| 46:26 | Chimirindo · resign |
[ AI ANALYSIS · 1 CREDIT ]
What really happened in this match?
Wolo.gg analyzes every decision: build order, eco, micro, common mistakes by bracket. Personalized analysis on WhatsApp or Discord in 30 seconds.
Civ guide
Spanish
Perfil
Jugador #5601064